 Dungeon Crawl Stone Soup version 0.27-a0-1036-g8e1b44f6bd (webtiles) character file.

Game seed: 4090818366397294038

135 Lanoc the Poker (level 5, -4/63 HPs)
             Began as a Merfolk Monk on Apr 18, 2021.
             Was a Believer of Wu Jian.
             Slain by an ogre
             ... wielding a +0 giant club
              (14 damage)
             ... on level 3 of the Dungeon.
             The game lasted 00:04:05 (3776 turns).

Lanoc the Poker (Merfolk Monk)                      Turns: 3776, Time: 00:04:06

Health: -4/63      AC: 22    Str: 11    XL:     5   Next: 18%
Magic:  5/5        EV:  2    Int:  9    God:    Wu Jian [**....]
Gold:   55         SH:  0    Dex: 18    Spells: 4/4 levels left

rFire    . . .     SeeInvis .   a - +0 spear
rCold    . . .     Faith    .   (no shield)
rNeg     + + +     Spirit   .   (armour currently unavailable)
rPois    +         Reflect  .   (helmet currently unavailable)
rElec    .         Harm     .   (cloak currently unavailable)
rCorr    +         Rampage  .   (gloves currently unavailable)
Will     .....     NoTele   +   (boots currently unavailable)
Stlth    ++........             (no amulet)
HPRegen  0.20/turn              b - ring of resist corrosion
MPRegen  0.09/turn              (no ring)

@: tree-form
A: stationary, stasis, torment immunity, boosted hp, (nimble swimmer 2),
(mertail)
a: Renounce Religion, Wall Jump


You were on level 3 of the Dungeon.
You worshipped Wu Jian.
Wu Jian was pleased with you.
You were a tree.
You visited 1 branch of the dungeon, and saw 4 of its levels.

You collected 88 gold pieces.
You spent 33 gold pieces at shops.

Inventory:

Hand Weapons
 a - a +0 spear (weapon)
 l - a +0 trident
Armour
 j - a +3 chain mail of willpower (melded)
Jewellery
 b - a ring of resist corrosion (left branch)
Wands
 c - a wand of flame (16)
Scrolls
 f - 3 scrolls of teleportation
 g - a scroll of noise {unknown}
 h - a scroll of immolation {unknown}
 k - a scroll of holy word {unknown}
 n - a scroll of magic mapping {unknown}
 o - a scroll of blinking {unknown}
 p - a scroll of fear {unknown}
Potions
 d - a potion of curing
 i - a potion of magic {unknown}
 m - a potion of haste {unknown}
 q - a potion of mutation {unknown}


   Skills:
 + Level 4.2 Fighting
 * Level 6.6 Polearms
 + Level 5.1 Dodging
 - Level 2.1 Stealth


You had 4 spell levels left.
You didn't know any spells.
Your spell library was empty.

Dungeon Overview and Level Annotations

Branches:
Dungeon (4/15)
 Temple: D:4-7

Altars:
Wu Jian

Shops:
D:2 ?


Innate Abilities, Weirdness & Mutations

You are a tree.
Your roots penetrate the ground, keeping you stationary.
You cannot be teleported.
You are immune to unholy pain and torment.
Your maximum health is greatly increased.
Your equipment is partially melded.
((You are quick and stealthy near water. (Stealth+, EV+, Speed+++)))
((Your lower body shifts to a powerful aquatic tail in water.))


Message History

There is an escape hatch in the ceiling here.
The ogre hits you with a +0 giant club. A mysterious force pulls you upwards.
The hatch slams shut behind you.
You hit the ogre.
The ogre is lightly wounded.
You hit the ogre but do no damage.
The ogre is lightly wounded.
The ogre barely misses you.
You hit the ogre.
The ogre is moderately wounded.
You hit the ogre.
The ogre is moderately wounded.
The ogre barely misses you.
You hit the ogre but do no damage.
The ogre is moderately wounded.
You hit the ogre.
The ogre is heavily wounded.
The ogre hits you with a +0 giant club!
Your chain mail prevents you from hitting the ogre.
The ogre is heavily wounded.
The ogre barely misses you.
You barely miss the ogre.
The ogre is heavily wounded.
You hit the ogre.
The ogre is heavily wounded.
The ogre hits you with a +0 giant club!
You are too injured to fight recklessly!
You closely miss the ogre.
The ogre is heavily wounded.
You hit the ogre.
The ogre is severely wounded.
The ogre hits you with a +0 giant club!
* * * LOW HITPOINT WARNING * * *
It was a potion of lignification.
You turn into a tree.
Your +3 chain mail of willpower melds into your body.
You feel less strong-willed.
Your roots penetrate the ground.
You hit the ogre.
The ogre is severely wounded.
The ogre hits you with a +0 giant club!
You die...

#.#..♣♣P.PPPP♣## #..........#.#
#.#..♣♣.P......# ########.#<..#
#.#....♣♣P♣..♣.# #.#####
#.#.....♣♣♣♣♣..############......
#.#.....#.#.................#####
#.#.....#.#################.#
#.#.....#.#.................#
#.......'.#.####.....#####.♣#♣#♣#
###...).#.#.# #♣###.# #.......
#########.# #O# #.# #.♣.♣.♣.
♣##########.# #.# #.#####.......
............# #.# #.......♣.♣.♣.
♣############ #.# #######.#.....
#.# #.♣.♣#♣# #.# #.....#
#.#############.#
#...............#


You could see an ogre.

Vanquished Creatures
  Ijyb (D:1)
  4 adders
  An adder skeleton (D:4)
  2 worms (D:2)
  A dart slug (D:2)
  An orc (D:3)
  10 ball pythons
  3 endoplasms
  3 giant cockroaches
  6 hobgoblins
  4 jackals
  3 kobolds
  2 quokkas (D:2)
  4 bats
  3 frilled lizards
  9 goblins
  3 rats
60 creatures vanquished.

Vanquished Creatures (others)
  4 plants (D:3)
4 creatures vanquished.

Grand Total: 64 creatures vanquished

Notes
Turn   | Place    | Note
-------+----------+-------------------------------------------
     0 | D:1      | Lanoc the Merfolk Monk began the quest for the Orb.
     0 | D:1      | Reached XP level 1. HP: 18/18 MP: 1/1
   317 | D:1      | Reached XP level 2. HP: 18/24 MP: 2/2
   448 | D:1      | Reached skill level 5 in Polearms
  1276 | D:2      | Reached XP level 3. HP: 17/30 MP: 3/3
  1453 | D:2      | Found Eguzxeuc's Magic Scroll Boutique.
  1457 | D:2      | Bought a scroll of teleportation for 33 gold pieces
  2003 | D:2      | Noticed Ijyb
  2013 | D:2      | Reached XP level 4. HP: 37/37 MP: 4/4
  2059 | D:1      | HP: 1/37 [Ijyb/puff of flame (11)]
  2066 | D:1      | Killed Ijyb
  2067 | D:1      | Reached skill level 6 in Polearms
  2869 | D:3      | Reached skill level 5 in Dodging
  2869 | D:3      | Reached XP level 5. HP: 39/42 MP: 5/5
  3643 | D:3      | Found a faded altar of an unknown god.
  3649 | D:3      | Became a worshipper of the Wu Jian Council
  3649 | D:3      | Reached * piety under Wu Jian
  3649 | D:3      | Reached ** piety under Wu Jian
  3744 | D:4      | Noticed an ogre
  3776 | D:3      | Slain by an ogre

Illustrated notes

Levels and vault maps discovered:
D:1:      minmay_arrival_four_loops, layout_basic, serial_glass,
          glass_columns_a, glass_columns_a, glass_columns_a, glass_columns_b,
          glass_columns_a, glass_columns_a, glass_columns_a, glass_columns_a,
          minmay_misc_feat_chi
D:2:      kennysheep_the_goblin_king, layout_basic, serial_shops, shop_scrolls
D:3:      layout_basic, chequers_ecumenical_altar_grove, serial_forest,
          infiniplex_forest_end_3, infiniplex_forest_clump_tiny,
          infiniplex_forest_lined_room_2, infiniplex_forest_clump_small,
          infiniplex_forest_straight_2
D:4:      layout_rooms, minmay_temple_entry_ruins, minmay_tree_intersection

Skill      XL: |  1  2  3  4 |
---------------+-------------+-----
Polearms       | 5 6 |  6.6
Fighting       | 4 |  4.2
Dodging        | 5 |  5.1
Stealth        | |  2.1

Action                   |  1- 3 |  4- 6 || total
-------------------------+-------+-------++-------
Melee: Spear             |   139 |   130 ||   269
  Use: Potion            |     1 |     4 ||     5
 Stab: Sleeping          |     9 |       ||     9
Armor: Robe              |    14 |       ||    14
       Chain mail        |       |    46 ||    46
Dodge: Dodged            |    61 |    31 ||    92

Table legend: (Time is in decaauts)
 A = Elapsed time spent in this place.
 B = Non-inter-level travel time spent in this place.
 C = Inter-level travel time spent in this place.
 D = Time resting spent in this place.
 E = Time spent auto-exploring this place.
 F = Levels seen in this place.
 G = Mean time per level.
                   A        B        C        D        E       F      G
               +--------+--------+--------+--------+--------+-----+--------+
         Total |   3726 |   3635 |     91 |      0 |   3188 |   4 |  931.5 |
       Dungeon |   3726 |   3635 |     91 |      0 |   3188 |   4 |  931.5 |
               +--------+--------+--------+--------+--------+-----+--------+

Top non-repeatable levels by time:
     D:1: 1267 daAuts
     D:2: 1266 daAuts
     D:3: 1153 daAuts
     D:4: 39 daAuts
